 Dungeon Crawl Stone Soup version 0.28-a0-1130-gc51a68064b (webtiles) character file.

Game seed: 15832402787145579407

65 flotson the Sneak (level 3, -2/30 HPs)
             Began as a Demonspawn Delver on Dec 12, 2021.
             Killed from afar by Natasha (7 damage)
             ... with a magic dart
             ... on level 3 of the Dungeon.
             The game lasted 00:03:39 (1705 turns).

flotson the Sneak (Demonspawn Delver)               Turns: 1705, Time: 00:03:39

Health: -2/30      AC:  6    Str: 14    XL:     3   Next: 92%
Magic:  3/3        EV: 11    Int: 11    God:
Gold:   134        SH:  0    Dex: 14    Spells: 2/2 levels left

rFire   . . .      SeeInvis .   o - +0 long sword (elec)
rCold   . . .      Faith    .   (no shield)
rNeg    . . .      Spirit   .   t - +0 ring mail
rPois   .          Reflect  .   (helmet restricted)
rElec   .          Harm     .   (no cloak)
rCorr   .          Rampage  .   (no gloves)
Will    .....                   r - +0 pair of boots
Stlth   ++........              (no amulet)
HPRegen 0.10/turn               (no ring)
MPRegen 0.08/turn               (no ring)

@: hasted (expiring), very quick
A: horns 1, spiny 1
a: no special abilities


You were on level 3 of the Dungeon.
You visited 1 branch of the dungeon, and saw 5 of its levels.

You collected 134 gold pieces.

Inventory:

Hand Weapons
 a - a +0 spear
 o - a +0 long sword of electrocution (weapon)
Missiles
 j - a boomerang (quivered)
Armour
 r - a +0 pair of boots (worn)
 t - a +0 ring mail (worn)
Jewellery
 s - a ring of ice
Wands
 g - a wand of digging (3)
Scrolls
 c - a scroll of fog
 d - 2 scrolls of immolation {unknown}
 k - 2 scrolls of identify {unknown}
 n - a scroll of amnesia {unknown}
 p - a scroll of brand weapon {unknown}
Potions
 e - 2 potions of mutation {unknown}
 h - 2 potions of attraction {unknown}
 i - 2 potions of curing {unknown}
 l - a potion of heal wounds
 m - a potion of degeneration {unknown}
 q - a potion of cancellation {unknown}


   Skills:
 + Level 3.7 Fighting
 - Level 1.7 Polearms
 + Level 1.6 Armour
 + Level 2.6 Dodging
 - Level 4.5 Stealth


You had 2 spell levels left.
You didn't know any spells.
Your spell library contained the following spells:

 Spells                   Type           Power      Damage    Failure   Level
 Slow                     Hex            0%         N/A       58%         1
 Confusing Touch          Hex            0%         N/A       91%         3
 Yara's Violent Unravell  Hex/Tmut       0%         3d3       100%        5


Dungeon Overview and Level Annotations

Branches:
Dungeon (5/15)
 Temple: D:4-7

Altars:

Annotations:
D:3 Crazy Yiuf, Natasha


Innate Abilities, Weirdness & Mutations

You have a pair of small horns on your head.
You are partially covered in sharp spines.


Message History

Press: ? - help, Q - select action Shift-Dir - straight line, f/p - Crazy Yiuf
Aim: Crazy Yiuf, wielding a +4 quarterstaff of chaos and wearing a +2 cloak of poison resistance (63% to hit)
You throw a boomerang.
The boomerang closely misses Crazy Yiuf.
Throw: boomerang
Press: ? - help, Q - select action Shift-Dir - straight line, f/p - Crazy Yiuf
Aim: Crazy Yiuf, wielding a +4 quarterstaff of chaos and wearing a +2 cloak of poison resistance (63% to hit)
You throw a boomerang. The boomerang barely misses Crazy Yiuf.
Crazy Yiuf says, "Sif Muna green hand!"
Throw: boomerang
Press: ? - help, Q - select action Shift-Dir - straight line, f/p - Crazy Yiuf
Aim: Crazy Yiuf, wielding a +4 quarterstaff of chaos and wearing a +2 cloak of poison resistance (63% to hit)
You throw a boomerang. The boomerang hits Crazy Yiuf.
Crazy Yiuf is lightly wounded.
Throw: boomerang
Press: ? - help, Q - select action Shift-Dir - straight line, f/p - Crazy Yiuf
Aim: Crazy Yiuf, wielding a +4 quarterstaff of chaos and wearing a +2 cloak of poison resistance (lightly wounded, 63% to hit)
You throw a boomerang. The boomerang hits Crazy Yiuf.
Crazy Yiuf is moderately wounded.
Throw: boomerang
Press: ? - help, Q - select action Shift-Dir - straight line, f/p - Crazy Yiuf
Aim: Crazy Yiuf, wielding a +4 quarterstaff of chaos and wearing a +2 cloak of poison resistance (moderately wounded, 63% to hit)
You throw a boomerang. The boomerang hits Crazy Yiuf.
Crazy Yiuf is moderately wounded.
Crazy Yiuf screams, "Hack koolooloo arm!"
Natasha, Servant of Life and Death comes into view.
Natasha hisses angrily.
Crazy Yiuf grits, "Pitchfork ragdoll high!"
Natasha casts a spell.
Throw: boomerang
Press: ? - help, Q - select action Shift-Dir - straight line, f - Natasha
Aim: Natasha (51% to hit)
You throw a boomerang.
The boomerang hits Natasha but does no damage.
Your extra speed is starting to run out.
Natasha drinks a potion.
Natasha's spells are empowered!
Natasha growls.
Natasha stares at you and mumbles some strange words.
The magic dart hits you!
You die...

#.# #.#.##.# #.# #.# #.#.##.#
#.# ..####.#.##.## #.#
............># #.#
###.##.####..# #.# # #.##.#
#..# #.## #.##<# #..# #..#
###.#######..############..##
.........5......@...........#
....###..###h############...#
####......g.............#...#
.....###g###.#########.....†#
###### #..##.#########..#...#
.# ##.#...............^.# .###
#g...########..###).### .+.#
##...##...............#
.#.#######.[.##........###...##


You could see Natasha (empowered) and a white imp (summoned).

Vanquished Creatures
  Natasha (D:3)
  A worm (D:3)
  An orc (D:4)
  A ball python (D:1)
  4 bats
  5 endoplasms
  2 giant cockroaches (D:2)
  3 goblins
  A hobgoblin (D:2)
  2 jackals (D:1)
  4 kobolds
  3 frilled lizards
  2 rats
30 creatures vanquished.

Vanquished Creatures (others)
  8 fungi (D:4)
8 creatures vanquished.

Grand Total: 38 creatures vanquished

Notes
Turn   | Place    | Note
-------+----------+-------------------------------------------
     0 | D:5      | flotson the Demonspawn Delver began the quest for the Orb.
     0 | D:5      | Reached XP level 1. HP: 18/18 MP: 1/1
    75 | D:4      | Noticed an orc priest
    77 | D:4      | Noticed an orc wizard
   277 | D:1      | Gained mutation: You are partially covered in sharp spines.
                  | [demonic ancestry]
   277 | D:1      | Reached XP level 2. HP: 24/24 MP: 2/2
   414 | D:1      | Found a faded altar of an unknown god.
   680 | D:2      | Reached skill level 1 in Armour
  1114 | D:2      | Gained mutation: You have a pair of small horns on your
                  | head. [demonic ancestry]
  1114 | D:2      | Reached XP level 3. HP: 26/29 MP: 3/3
  1610 | D:3      | Noticed Natasha
  1615 | D:3      | Killed Natasha
  1657 | D:3      | Found a runed translucent door.
  1658 | D:3      | Noticed Crazy Yiuf
  1693 | D:3      | Noticed Natasha
  1705 | D:3      | Killed from afar by Natasha

Illustrated notes

Levels and vault maps discovered:
D:1:      dpeg_arrival_long_road, layout_basic, chequers_ecumenical_altar_island
D:2:      layout_basic, chequers_arboretum
D:3:      layout_basic, minmay_misc_feat_rows, minmay_misc_feat_tower,
          uniq_natasha, uniq_crazy_yiuf_cottage
D:4:      layout_basic, xom_butterflies, serial_aquarium,
          aquarium_bridge_straight [aquarium_subvault_bridge,
          aquarium_subvault_window, aquarium_subvault_bridge,
          aquarium_subvault_wall], aquarium_window_corner,
          aquarium_window_corner, aquarium_view_4, aquarium_view_2c,
          aquarium_balcony_1b, aquarium_pool_double,
          hellmonk_ghost_happy_afterlife, chequers_garden
D:5:      layout_cave_pools

Skill      XL: |  1  2 |
---------------+-------+-----
Dodging        | 2 |  2.6
Armour         | 1 |  1.6
Fighting       | |  3.7
Polearms       | |  1.7
Stealth        | |  4.5

Action                   || total
-------------------------++-------
Melee: Spear             ||    32
       Long sword        ||    37
       Headbutt          ||     3
Throw: Boomerang         ||     8
  Use: Scroll            ||     2
       Potion            ||     1
 Stab: Sleeping          ||     9
Armor: Leather armour    ||    11
Dodge: Dodged            ||    37

Table legend: (Time is in decaauts)
 A = Elapsed time spent in this place.
 B = Non-inter-level travel time spent in this place.
 C = Inter-level travel time spent in this place.
 D = Time resting spent in this place.
 E = Time spent auto-exploring this place.
 F = Levels seen in this place.
 G = Mean time per level.
                   A        B        C        D        E       F      G
               +--------+--------+--------+--------+--------+-----+--------+
         Total |   1714 |   1637 |     77 |      0 |   1261 |   5 |  342.8 |
       Dungeon |   1714 |   1637 |     77 |      0 |   1261 |   5 |  342.8 |
               +--------+--------+--------+--------+--------+-----+--------+

Top non-repeatable levels by time:
     D:2: 810 daAuts
     D:3: 473 daAuts
     D:1: 314 daAuts
     D:5: 63 daAuts
     D:4: 53 daAuts
